 Dungeon Crawl Stone Soup version 0.27.1-1-g398f81649c (webtiles) character file.

Game seed: 10459540738413280143

30 Tsarbomb the Chopper (level 3, 0/31 HPs)
             Began as a Hill Orc Monk on Sept 6, 2021.
             Slain by Natasha (5 damage)
             ... on level 2 of the Dungeon.
             The game lasted 00:02:12 (1441 turns).

Tsarbomb the Chopper (Hill Orc Monk)                Turns: 1441, Time: 00:02:13

Health: 0/31       AC:  6    Str: 14    XL:     3   Next: 18%
Magic:  3/3        EV:  9    Int: 10    God:
Gold:   38         SH:  0    Dex: 13    Spells: 2/2 levels left

rFire    . . .     SeeInvis .   a - +0 hand axe
rCold    . . .     Faith    .   (no shield)
rNeg     . . .     Spirit   .   h - +0 scale mail
rPois    .         Reflect  .   (no helmet)
rElec    .         Harm     .   (no cloak)
rCorr    .         Rampage  .   (no gloves)
Will     +....                  (no boots)
Stlth    ..........             (no amulet)
HPRegen  0.10/turn              f - ring of willpower
MPRegen  0.08/turn              (no ring)

@: no status effects
A: no striking features
a: no special abilities


You were on level 2 of the Dungeon.
You visited 1 branch of the dungeon, and saw 2 of its levels.

You collected 38 gold pieces.

Inventory:

Hand Weapons
 a - a +0 hand axe (weapon)
Armour
 b - a +0 robe
 d - a +0 ring mail
 h - a +0 scale mail (worn)
Jewellery
 f - a ring of willpower (left hand)
Scrolls
 c - a scroll of acquirement {unknown}
 e - 2 scrolls of immolation {unknown}
 g - a scroll of enchant armour {unknown}
 j - a scroll of teleportation {unknown}
Potions
 i - a potion of curing {unknown}


   Skills:
 - Level 3.6 Fighting
 + Level 5.6 Axes
 - Level 2.4 Dodging
 - Level 1.5 Stealth


You had 2 spell levels left.
You didn't know any spells.
Your spell library contained the following spells:

 Spells                   Type           Power      Damage    Failure   Level
 Apportation              Tloc           0%         N/A       86%         1
 Alistair's Intoxication  Tmut/Pois      0%         N/A       100%        5
 Invisibility             Hex            0%         N/A       100%        6


Dungeon Overview and Level Annotations

Branches:
Dungeon (2/15)

Altars:

Annotations:
D:2 Natasha


Message History

You closely miss Natasha.
Natasha is heavily wounded.
Natasha stares at you and mumbles some strange words.
The magic dart hits you.
The crimson imp disappears for a moment.
You are too injured to fight recklessly!
You are too injured to fight recklessly!
You hit Natasha.
Natasha is severely wounded.
Natasha barely misses you.
You hit Natasha.
Natasha is almost dead.
Natasha claws you.
The crimson imp blinks!
You closely miss Natasha.
Natasha is almost dead.
You miss the crimson imp. Natasha closely misses you.
The crimson imp hits you but does no damage.
You closely miss Natasha.
Natasha is almost dead.
You closely miss the crimson imp.
Natasha casts a spell.
The crimson imp blinks!
You closely miss Natasha.
Natasha is almost dead.
Natasha claws you.
* * * LOW HITPOINT WARNING * * *
The crimson imp blinks!
You hit Natasha.
Natasha is almost dead.
You closely miss the white imp.
Natasha wildly gestures.
You feel troubled. Natasha claws you.
* * * LOW HITPOINT WARNING * * *
You closely miss Natasha.
Natasha is almost dead.
You hit the white imp.
The white imp laughs crazily.
The white imp barely misses you. Natasha claws you.
You die...

####.#.# #.......#
#.#.# #.......#
#.#.################
#.#..♣.♣.♣.♣.♣.♣.♣.8
#.#.................
#..♣.♣.♣.8.♣.♣.♣.♣
#.################
#.# #@# #...h5..#
+.......# #.......#
#.......# ###......
##...5.. #.......


You could see Natasha, a crimson imp (summoned) and a white imp (summoned).

Vanquished Creatures
  A worm (D:2)
  A dart slug (D:1)
  2 bats (D:1)
  An endoplasm (D:2)
  2 giant cockroaches (D:1)
  3 goblins (D:1)
  3 hobgoblins (D:1)
  A quokka (D:1)
  2 ball pythons
  4 frilled lizards
  3 kobolds
  A rat (D:2)
24 creatures vanquished.

Notes
Turn   | Place    | Note
-------+----------+-------------------------------------------
     0 | D:1      | Tsarbomb the Hill Orc Monk began the quest for the Orb.
     0 | D:1      | Reached XP level 1. HP: 19/19 MP: 1/1
   434 | D:1      | Reached XP level 2. HP: 26/26 MP: 2/2
   557 | D:1      | Reached skill level 5 in Axes
  1267 | D:2      | Reached XP level 3. HP: 27/31 MP: 3/3
  1419 | D:2      | Noticed Natasha
  1441 | D:2      | Slain by Natasha

Illustrated notes

Levels and vault maps discovered:
D:1:      eino_arrival_tree_alley, layout_basic
D:2:      layout_basic, serial_shops, nicolae_shop_waterfront, chequers_avenue,
          minmay_pentomino_r2, uniq_natasha

Skill      XL: |  1  2 |
---------------+-------+-----
Axes           | 5 |  5.6
Fighting       | |  3.6
Dodging        | |  2.4
Stealth        | |  1.5

Action                   || total
-------------------------++-------
Melee: Hand axe          ||    93
 Stab: Sleeping          ||     1
Armor: Ring mail         ||    28
       Scale mail        ||     5
Dodge: Dodged            ||    33
